 Dungeon Crawl Stone Soup version 0.30-b1-2-g02819fbbbe (webtiles) character file.

Game seed: 9162004135761173820

140 MajorAdolf the Chiller (level 5, -2/44 HPs)
             Began as a Naga Wanderer on Sept 28, 2023.
             Slain by a gnoll
             ... wielding a +0 halberd
             ... led by a gnoll bouda
              (4 damage)
             ... on level 3 of the Dungeon.
             The game lasted 00:03:54 (2669 turns).

MajorAdolf the Chiller (Naga Wanderer)              Turns: 2669, Time: 00:03:54

Health: -2/44      AC:  9    Str: 17    XL:     5   Next: 23%
Magic:  5/6        EV:  9    Int: 15    God:
Gold:   74         SH:  0    Dex:  7    Spells: 2/6 levels left

rFire   + . .        a - +0 trident
rCold   + . .        (no shield)
rNeg    . . .        s - +1 robe {rC+ rF+}
rPois   +            (no helmet)
rElec   .            (no cloak)
rCorr   .            (no gloves)
SInv    +            (no barding)
Will    .....        (no amulet)
Stlth   +            (no ring)
HPRegen 0.27/turn    (no ring)
MPRegen 0.10/turn

%: no passive effects
@: ice-armoured, short of breath, very slow
A: AC +1, large, see invisible, deformed body, poison resistance, slowness 2,
spit poison 1, naga tail 1
a: Spit Poison


You were on level 3 of the Dungeon.
You visited 1 branch of the dungeon, and saw 3 of its levels.

You collected 74 gold pieces.

Inventory:

Hand Weapons
 a - a +0 trident (weapon)
 c - a +0 dagger
Missiles
 b - 12 poisoned darts
Armour
 s - a +1 robe of resistance (worn)
Jewellery
 p - an amulet of the acrobat
 r - a ring of flight
Scrolls
 g - 6 scrolls of identify {unknown}
 h - 4 scrolls of teleportation {unknown}
 j - 3 scrolls of fear {unknown}
 l - 2 scrolls of amnesia {unknown}
 m - a scroll of fog {unknown}
 n - a scroll of immolation {unknown}
 t - a scroll of enchant armour {unknown}
Potions
 d - 3 potions of curing
 e - a potion of might {unknown}
 f - a potion of magic {unknown}
 i - a potion of invisibility {unknown}
 k - 2 potions of berserk rage {unknown}
 o - a potion of degeneration {unknown}
 q - a potion of brilliance {unknown}
 u - 2 potions of lignification {unknown}
 v - 2 potions of resistance {unknown}


   Skills:
 - Level 1.0 Fighting
 - Level 4.0 Polearms
 - Level 1.0 Throwing
 - Level 1.0 Dodging
 - Level 1.0 Spellcasting
 + Level 5.2 Ice Magic


You had 2 spell levels left.
You knew the following spells:

 Your Spells              Type           Power      Damage    Failure   Level
a - Freeze                Ice            64%        1d7       2%          1
b - Ozocubu's Armour      Ice            16%        N/A       9%          3

Your spell library contained the following spells:

 Spells                   Type           Power      Damage    Failure   Level


Dungeon Overview and Level Annotations

Branches:
Dungeon (3/15)

Altars:


Innate Abilities, Weirdness & Mutations

Your serpentine skin is tough. (AC +1)
You have supernaturally acute eyesight. (SInv)
Armour fits poorly on your strangely shaped body.
Your system is resistant to poisons. (rPois)
You cover ground very slowly.
You can spit poison.
You have a snake-like lower body.


Message History

You reach to attack!
You puncture the gnoll!
The gnoll is heavily wounded.
You have got your breath back.
The gnoll barely misses you.
Aiming: Spit Poison (1% risk of failure)
Press: ? - help, Shift-Dir - straight line, f/p - gnoll
Aim: a gnoll, wielding a +0 halberd and wearing a +0 robe (heavily wounded, 65% to hit)
The splash of poison hits the gnoll but does no damage.
The gnoll is poisoned.
The gnoll is heavily wounded.
The gnoll barely misses you.
Reach: a) +0 trident
Press: ? - help, Dir - move target, f/p - gnoll
Aim: a gnoll, wielding a +0 halberd and wearing a +0 robe (heavily wounded, poisoned, about 44% to evade your +0 trident)
You reach to attack!
You hit the gnoll.
The gnoll is severely wounded.
The gnoll hits you from afar with a +0 halberd.
Reach: a) +0 trident
Press: ? - help, Dir - move target, f/p - gnoll
Aim: a gnoll, wielding a +0 halberd and wearing a +0 robe (severely wounded, poisoned, about 44% to evade your +0 trident)
You reach to attack!
You hit the gnoll.
The gnoll is almost dead.
You have got your breath back.
The gnoll hits you from afar with a +0 halberd.
* * * LOW HITPOINT WARNING * * *
Unknown command.
Aiming: Spit Poison (1% risk of failure)
Press: ? - help, Shift-Dir - straight line, f/p - gnoll
Aim: a gnoll, wielding a +0 halberd and wearing a +0 robe (almost dead, poisoned, 65% to hit)
The splash of poison misses the gnoll.
The gnoll closely misses you.
Unknown command.
Reach: a) +0 trident
Press: ? - help, Dir - move target, f/p - gnoll
Aim: a gnoll, wielding a +0 halberd and wearing a +0 robe (almost dead, poisoned, about 44% to evade your +0 trident)
You reach to attack!
You hit the gnoll but do no damage.
The gnoll is almost dead.
The gnoll hits you from afar with a +0 halberd!
* * * LOW HITPOINT WARNING * * *
The gnoll hits you from afar with a +0 halberd.
You die...

......... ..... #.##
..........#.#..##g..
#####.....g#.....gg...##
#....#....K#.......##.#
..........#.....#. #)## #
#..#.....#.... .. #).)
##.#..#g....#... ... ####
.......)#####.. ....
........@# . ...$!#.###
..####...########...#....
#....'...# #####
##....#...# ####
........#...# #....
#####...#...# #....
......#.###### #....
.#...........## #.... #
#.###........## #....


You could see a gnoll (poisoned).

Vanquished Creatures
  A gnoll bouda (D:2)
  Jessica (D:2)
  A gnoll (D:1)
  An adder (D:3)
  2 worms (D:2)
  2 dart slugs
  5 orcs (D:3)
  6 ball pythons
  3 endoplasms
  A giant cockroach (D:1)
  4 goblins (D:1)
  3 hobgoblins
  7 jackals
  4 bats
  5 frilled lizards
  3 kobolds
  4 rats
53 creatures vanquished.

Vanquished Creatures (others)
  15 plants (D:3)
15 creatures vanquished.

Grand Total: 68 creatures vanquished

Notes
Turn   | Place    | Note
-------+----------+-------------------------------------------
     0 | D:1      | MajorAdolf the Naga Wanderer began the quest for the Orb.
     0 | D:1      | MajorAdolf set off with the following items: a +0 trident,
                  | 12 poisoned darts, a +0 dagger, a potion of curing, a +0
                  | leather armour; and the following spell memorised: Freeze;
                  | and the following spells available to memorise: Ozocubu's
                  | Armour.
     0 | D:1      | Reached XP level 1. HP: 18/18 MP: 2/2
   161 | D:1      | Reached XP level 2. HP: 23/25 MP: 3/3
   168 | D:1      | Reached skill level 3 in Ice Magic
   472 | D:1      | Reached XP level 3. HP: 31/31 MP: 4/4
  1464 | D:2      | Reached skill level 4 in Ice Magic
  1554 | D:2      | Learned a level 3 spell: Ozocubu's Armour
  1613 | D:2      | Reached XP level 4. HP: 37/38 MP: 5/5
  1735 | D:2      | Noticed Jessica
  1769 | D:2      | Killed Jessica
  2384 | D:2      | Reached skill level 5 in Ice Magic
  2384 | D:2      | Reached XP level 5. HP: 20/44 MP: 1/6
  2669 | D:3      | HP: 2/44 [gnoll/+0 halberd[a gnoll bouda] (8)]
  2669 | D:3      | Slain by a gnoll

Illustrated notes

Levels and vault maps discovered:
D:1:      minmay_arrival_jagged, layout_loops_corners, st_stairs_3,
          kennysheep_boxes
D:2:      layout_basic, uniq_jessica
D:3:      layout_basic, st_stairs_14, hangedman_feature_mirror,
          chequers_serial_rivers_marsh, nicolae_grassy_gnolls

Skill      XL: |  1  2  3  4 |
---------------+-------------+-----
Ice Magic      | 3 4 5 |  5.2
Fighting       | |  1.0
Polearms       | |  4.0
Throwing       | |  1.0
Dodging        | |  1.0
Spellcasting   | |  1.0

Action                     |  1- 3 |  4- 6 || total
---------------------------+-------+-------++-------
  Melee: Trident           |    48 |    71 ||   119
   Cast: Freeze            |    17 |     7 ||    24
         Ozocubu's Armour  |       |     2 ||     2
Ability: Spit Poison       |    10 |    10 ||    20
 Armour: Leather armour    |    10 |     2 ||    12
         Robe              |       |    17 ||    17
  Dodge: Dodged            |    22 |    43 ||    65
